 Dungeon Crawl Stone Soup version 0.30.1-9-gdf580d7c3d (webtiles) character file.

Game seed: 6746166706075872651

36960 pkoi the Grappler (level 13, 0/102 HPs)
             Began as a Pale Draconian Monk on Oct 24, 2023.
             Was a High Priest of Vehumet.
             Slain by a komodo dragon (18 damage)
             ... on level 4 of the Lair of Beasts.
             The game lasted 00:32:28 (17009 turns).

pkoi the Grappler (Pale Draconian Monk)            Turns: 17009, Time: 00:32:28

Health: 0/102      AC: 16    Str: 17    XL:     13   Next: 55%
Magic:  5/31       EV: 14    Int: 23    God:    Vehumet [*****.]
Gold:   1309       SH:  0    Dex: 13    Spells: 0/24 levels left

rFire   . .          .
                       - Unarmed
rCold   . . .        b - orb {light}
rNeg    . . .        (body armour unavailable)
rPois   +            P - +2 hat
rElec   .            L - +2 cloak of Makhleb's Benevolence {Rampage Fly rCorr Int+2}
rCorr   +            M - +1 pair of gloves
SInv    .            S - +0 pair of boots of Darkness {rPois Str+2}
Will    .....        F - amulet of the acrobat
Stlth   +            f - +6 ring of intelligence
HPRegen 0.37/turn    l - ring of magical power
MPRegen 0.22/turn

%: acrobat, rampage
@: flying, glowing
A: breathe steam, AC +8, unfitting armour, cold-blooded, steam resistance
a: Breathe Steam, Renounce Religion


You were on level 4 of the Lair of Beasts.
You worshipped Vehumet.
Vehumet was extremely pleased with you.
You visited 2 branches of the dungeon, and saw 16 of its levels.
You also visited: Sewer and Bailey.

You collected 1309 gold pieces.

Inventory:

Missiles
 d - 35 boomerangs
 j - 46 poisoned darts (quivered)
 I - 3 throwing nets
 J - 2 curare-tipped darts
Armour
 b - an orb of light (worn)
 L - the +2 cloak of Makhleb's Benevolence (worn) {Rampage Fly rCorr Int+2}
   (You found it on level 1 of the Lair of Beasts)

   Int:       It affects your intelligence (+2).
   Fly:       It grants you flight.
   rCorr:     It protects you from acid and corrosion.
   Rampage:   It bestows one free step when moving towards enemies.
 M - a +1 pair of gloves (worn)
 P - a +2 hat (worn)
 S - the +0 pair of boots of Darkness (worn) {rPois Str+2}
   (You acquired it on level 1 of the Lair of Beasts)

   Str:       It affects your strength (+2).
   rPois:     It protects you from poison.
Jewellery
 f - a +6 ring of intelligence (left hand)
 i - a ring of resist corrosion
 l - a ring of magical power (right hand)
 o - a ring of protection from fire
 t - the ring of Lucidity {rElec rPois rC++ AC+4 Stlth-}
   (You found it on level 3 of the Lair of Beasts)

   [ring of protection]

   AC:        It affects your AC (+4).
   rC:        It greatly protects you from cold.
   rElec:     It insulates you from electricity.
   rPois:     It protects you from poison.
   Stlth:     It makes you less stealthy.
 F - an amulet of the acrobat (around neck)
Wands
 e - a wand of flame (40)
 k - a wand of charming (13)
 s - a wand of mindburst (19)
 u - a wand of light (7)
 y - a wand of roots (11)
 B - a wand of polymorph (7)
 T - a wand of digging (10)
Scrolls
 c - a scroll of amnesia
 g - 2 scrolls of acquirement
 h - 3 scrolls of fear
 q - 4 scrolls of identify
 r - 2 scrolls of teleportation
 E - 2 scrolls of enchant weapon
 K - 2 scrolls of enchant armour
 Q - a scroll of blinking
 R - 4 scrolls of fog
Potions
 a - 3 potions of ambrosia
 m - 9 potions of heal wounds
 n - 8 potions of curing
 p - 2 potions of flight
 v - 2 potions of haste
 w - 2 potions of invisibility
 z - a potion of cancellation
 C - 2 potions of might
 G - 3 potions of brilliance
 N - a potion of resistance
 O - a potion of magic


   Skills:
 - Level 6.0 Fighting
 - Level 6.0 Dodging
 - Level 11.5 Unarmed Combat
 - Level 6.0 Spellcasting
 + Level 6.9 Conjurations
 - Level 3.0 Transmutations
 - Level 10.8 Fire Magic
 - Level 11.0 Air Magic
 - Level 9.0 Poison Magic


You couldn't memorise any spells.
You knew the following spells:

 Your Spells              Type           Power      Damage    Failure   Level
a - Poisonous Vapours     Pois/Air       100%       N/A       1%          2
b - Ignite Poison         Fire/Tmut/Pois 41%        N/A       1%          3
c - Airstrike             Air            27%        2d(4-20)  1%          4
d - Olgreb's Toxic Radia  Pois           48%        N/A       1%          4
e - Plasma Beam           Fire/Air       27%        2x1d44    4%          6
f - Arcjolt               Conj/Air       24%        1d34      1%          5

Your spell library contained the following spells:

 Spells                   Type           Power      Damage    Failure   Level
 Sting                    Tmut/Pois      100%       1d8       1%          1
 Cigotuvi's Dreadful Rot  Necr/Pois/Air  74%        N/A       1%          2
 Dazzling Flash           Conj/Hex       44%        N/A       1%          3
 Spider Form              Tmut/Pois      34%        N/A       2%          3
 Freezing Cloud           Conj/Ice/Air   17%        6-21      5%          5
 Necrotise                Necr           24%        1d5       9%          1
 Ensorcelled Hibernation  Hex/Ice        12%        N/A       13%         2
 Silence                  Hex/Air        16%        N/A       24%         5
 Vampiric Draining        Necr           6%         2d6       26%         3
 Anguish                  Hex/Necr       3%         N/A       63%         4
 Dispel Undead            Necr           6%         3d8       63%         4
 Agony                    Necr           6%         N/A       93%         5
 Death Channel            Necr           3%         N/A       100%        6


Dungeon Overview and Level Annotations

Branches:
Dungeon (12/15)            Temple (0/1) D:6            Lair (4/5) D:11
  Swamp (0/4) Lair:2       Spider (0/4) Lair:3        Slime (0/5) Lair:4
  Sewer (visited)          Bailey (visited)
    Orc: D:9-12

Altars:
Ashenzari
Dithmenos
Fedhas
Nemelex Xobeh
Qazlal
Uskayaw
Vehumet
Wu Jian
Yredelemnul
Zin
Jiyva

Shops:
D:5 [   D:9 !

Portals:
Abyss: Lair:3

Annotations:
D:2 1 runed translucent door, Crazy Yiuf
D:9 Maggie
D:11 2 runed translucent doors, monsoonserge's ghost, journeyman MiBe
D:12 exclusion: shadow dragon
Lair:3 2 transporters, adriano's ghost, journeyman MiBe


Innate Abilities, Weirdness & Mutations

You can breathe blasts of scalding, opaque steam.
Your pale cyan-grey scales are hard. (AC +8)
You cannot fit into any form of body armour.
You are cold-blooded and may be slowed by cold attacks.
You are immune to the effects of steam.


Message History

Casting: Plasma Beam (dangerous; 4% risk of failure)
Confirm with . or Enter, or press ? or * to list all spells.
Electricity surges outward!
The cane toad is struck by an electric surge!
The cane toad is moderately wounded.
You feel sick.
The cane toad stings you but does no damage.
Casting: Arcjolt (dangerous; 1% risk of failure)
Confirm with . or Enter, or press ? or * to list all spells.
You miscast Arcjolt.
You are very lightly contaminated with residual magic.
You are blasted with magical energy.
* * * LOW HITPOINT WARNING * * *
You feel sick. The cane toad completely misses you.
A komodo dragon comes into view.
You feel better.
The cane toad stings you but does no damage.
Blink to where?
Press: ? - help, Dir - move target
Found a mace.
As you read the scroll of blinking, it crumbles to dust.
The endoplasm sets off the alarm!
The alarm trap emits a blaring wail!
The mark upon you grows brighter.
As you read the scroll of teleportation, it crumbles to dust.
You feel strangely unstable.
You feel strangely stable.
Your magical effects are unravelling.
You feel magically purged.
Your magical contamination has completely faded away.
The sentinel's mark upon you fades away.
You hit the komodo dragon but do no damage.
You hit the komodo dragon.
The komodo dragon is lightly wounded.
The komodo dragon bites you but does no damage.
You hit the komodo dragon.
You tail-slap the komodo dragon, but do no damage.
The komodo dragon is lightly wounded.
The komodo dragon bites you!!
You die...

...#....#$..P?....# #.....#
.##.....##.P..P...## #.....#
÷.#..#.####.....[..## ####..<..
....#..###.#........#.#.#..#.....
...##.....#..PJ..$#.............#
.........P.......#.# .........#.#
.#....#..P....F.#... ...#.##P.###
.....#....#....l### ..... ...#
......#.........@# .... ....#
.†.......)...#..## ... #.†...
.............#### ..# ......
............ #...... ...#.#.....
........... .#....... ....>.... .
.._..#.


You could see a komodo dragon, a cane toad and an endoplasm.

Vanquished Creatures
  Gastronok (Lair:1)
  An orc warlord (Bailey)
  Nessos (Lair:4)
  2 hydras
  2 boulder beetles
  3 two-headed ogres
  Urug (D:11)
  A pharaoh ant (Lair:3)
  Lodul (D:11)
  2 cyclopes
  2 ugly things
  A manticore (D:12)
  4 black mambas
  4 cane toads
  An unseen horror (D:11)
  5 komodo dragons
  A polar bear (Lair:4)
  11 blink frogs (Lair:4)
  Grinder (Sewer)
  A tarantella (Lair:3)
  A shadow (D:11)
  A jumping spider (Lair:3)
  2 wyverns
  Eustachio (D:4)
  29 yaks
  5 basilisks
  3 steam dragons
  2 acid dragons
  10 water moccasins
  6 orc warriors
  4 ice beasts
  A black bear (Lair:1)
  A sky beast (D:7)
  7 ogres
  4 wolves (Lair:1)
  6 centaurs
  5 phantoms
  5 bullfrogs
  5 kobold brigands
  A gnoll sergeant (D:10)
  3 scorpions
  9 killer bees
  4 howler monkeys
  4 hounds
  8 jellies
  7 orc priests
  2 gnoll boudas
  Natasha (twice) (D:2)
  5 iguanas
  13 orc wizards
  Robin (D:3)
  27 gnolls
  8 adders
  5 shadow imps
  A white imp (D:6)
  6 ufetubi
  An adder zombie (Sewer)
  2 worms
  3 dart slugs
  22 orcs
  10 ball pythons
  6 bats
  10 endoplasms
  8 giant cockroaches
  8 hobgoblins
  2 jackals (D:1)
  6 quokkas
  3 frilled lizards
  14 goblins
  40 kobolds
  2 kobold zombies (Sewer)
  3 rats
390 creatures vanquished.

Vanquished Creatures (collateral kills)
  An iguana (D:6)
  4 orcs (D:6)
5 creatures vanquished.

Grand Total: 395 creatures vanquished

Notes
Turn   | Place    | Note
-------+----------+-------------------------------------------
     0 | D:1      | pkoi the Draconian Monk began the quest for the Orb.
     0 | D:1      | Reached XP level 1. HP: 19/19 MP: 1/1
    66 | D:1      | Reached XP level 2. HP: 23/26 MP: 2/2
   455 | D:1      | Found a faded altar of an unknown god.
   573 | D:2      | Reached XP level 3. HP: 28/31 MP: 3/3
   718 | D:2      | Reached XP level 4. HP: 29/38 MP: 4/4
   722 | D:2      | Reached skill level 5 in Unarmed Combat
  1163 | D:2      | Found a runed translucent door.
  1164 | D:2      | Noticed Crazy Yiuf
  1337 | D:2      | Noticed Natasha
  1363 | D:2      | Killed Natasha
  1672 | D:2      | Noticed Natasha
  1675 | D:2      | Killed Natasha
  1676 | D:2      | Reached XP level 5. HP: 45/45 MP: 5/5
  1949 | D:3      | Noticed Robin
  1963 | D:3      | Killed Robin
  2195 | D:3      | Identified the +1 chain mail of Kukimith {Drain rElec
                  | rPois}
  2548 | D:3      | Noticed an angel
  2549 | D:3      | Found a glowing silver altar of Zin.
  2681 | D:4      | Noticed Eustachio
  2698 | D:4      | Killed Eustachio
  2699 | D:4      | Reached XP level 6. HP: 33/51 MP: 6/6
  2830 | D:4      | HP: 2/51 [ogre/+0 giant spiked club (30)]
  3161 | D:4      | Your scales start taking on a pale cyan-grey colour.
  3161 | D:4      | Reached XP level 7. HP: 57/57 MP: 7/7
  3161 | D:4      | Gained mutation: You are immune to the effects of steam.
                  | [Pale Draconian growth]
  3464 | D:4      | Learned a level 2 spell: Poisonous Vapours
  3468 | D:4      | Learned a level 3 spell: Ignite Poison
  3561 | D:5      | Entered Level 5 of the Dungeon
  3681 | D:5      | Identified the +3 morningstar "Jaof" {heavy, Str+3 Int+3}
  3691 | D:5      | Reached skill level 1 in Fire Magic
  3691 | D:5      | Reached skill level 1 in Air Magic
  3691 | D:5      | Reached skill level 1 in Poison Magic
  3702 | D:5      | Reached skill level 1 in Spellcasting
  3702 | D:5      | Reached skill level 1 in Transmutations
  3879 | D:5      | Found a radiant altar of Vehumet.
  3904 | D:5      | Became a worshipper of Vehumet
  3904 | D:5      | Reached * piety under Vehumet
  3904 | D:5      | Offered knowledge of Sandblast by Vehumet.
  3904 | D:5      | Reached ** piety under Vehumet
  3913 | D:5      | Reached XP level 8. HP: 58/63 MP: 10/10
  4021 | D:5      | Found a glowing drain.
  4032 | Sewer    | Entered a sewer
  4131 | Sewer    | Offered knowledge of Scorch by Vehumet.
  4237 | Sewer    | Found an ancient bone altar of Kikubaaqudgha.
  4244 | Sewer    | Offered knowledge of Stone Arrow by Vehumet.
  4341 | Sewer    | Noticed Grinder
  4355 | Sewer    | Reached *** piety under Vehumet
  4355 | Sewer    | Killed Grinder
  4802 | D:5      | Found a basalt altar of Yredelemnul.
  4820 | D:5      | Found a broken altar of Ashenzari.
  4870 | D:5      | Found Biuhomuw's Armour Emporium.
  5336 | D:6      | Found a staircase to the Ecumenical Temple.
  5769 | D:6      | Reached XP level 9. HP: 65/70 MP: 13/13
  5783 | D:6      | Offered knowledge of Airstrike by Vehumet.
  6059 | D:6      | Learned a level 4 spell: Airstrike
  6078 | D:6      | Identified the +1 ring mail "Linagoy" {rF+ rN+ Dex+3}
  6217 | D:6      | Found a shadowy altar of Dithmenos.
  6217 | D:6      | Found a blossoming altar of Fedhas.
  6437 | D:6      | Reached **** piety under Vehumet
  6936 | D:7      | Found a sparkling altar of Nemelex Xobeh.
  6989 | D:6      | Learned a level 4 spell: Olgreb's Toxic Radiance
  7057 | D:7      | Offered knowledge of Flame Wave by Vehumet.
  7058 | D:7      | Reached skill level 5 in Fire Magic
  7206 | D:7      | Reached skill level 5 in Air Magic
  7788 | D:7      | Found a stormy altar of Qazlal.
  8553 | D:8      | Reached XP level 10. HP: 80/80 MP: 16/16
  8940 | D:9      | Noticed a cyclops
  8948 | D:9      | Killed a cyclops
  8949 | D:9      | Reached skill level 5 in Poison Magic
  9038 | D:9      | Reached skill level 5 in Fighting
  9038 | D:9      | Noticed Maggie
  9132 | D:9      | Found Vuyqel's Distillery.
  9401 | D:10     | Entered Level 10 of the Dungeon
  9403 | D:10     | Reached ***** piety under Vehumet
  9403 | D:10     | Offered knowledge of Plasma Beam by Vehumet.
  9696 | D:10     | Noticed a two-headed ogre
  9700 | D:10     | Killed a two-headed ogre
  9701 | D:10     | Reached skill level 5 in Spellcasting
  9792 | D:10     | Found a flagged portal.
  9803 | Bailey   | Entered a bailey
  9813 | Bailey   | Noticed an orc warlord
  9965 | Bailey   | Found a runed translucent gate.
  9980 | Bailey   | Found a runed translucent gate.
 10008 | Bailey   | Found a runed translucent gate.
 10114 | Bailey   | Learned a level 6 spell: Plasma Beam
 10156 | Bailey   | Killed an orc warlord
 10297 | Bailey   | Reached XP level 11. HP: 89/89 MP: 19/19
 10485 | D:10     | Reached skill level 5 in Dodging
 10532 | D:10     | Noticed a two-headed ogre
 10536 | D:10     | Killed a two-headed ogre
 10877 | D:11     | Found a runed translucent door.
 10880 | D:11     | Found a runed translucent door.
 10885 | D:11     | Noticed an ettin
 10886 | D:11     | Noticed a lich
 10886 | D:11     | Noticed a centaur warrior
 10886 | D:11     | Noticed a hell knight
 10888 | D:11     | Noticed monsoonserge's ghost (journeyman MiBe)
 10888 | D:11     | Noticed a skeletal warrior
 10889 | D:11     | Noticed a skeletal warrior
 10909 | D:11     | Noticed Urug
 10914 | D:11     | Killed Urug
 10915 | D:11     | Reached XP level 12. HP: 96/96 MP: 20/20
 11051 | D:11     | Noticed a boulder beetle
 11071 | D:11     | Killed a boulder beetle
 11072 | D:11     | Reached skill level 10 in Unarmed Combat
 11328 | D:11     | Found a staircase to the Lair.
 11352 | D:11     | Noticed Lodul
 11355 | D:11     | Killed Lodul
 11550 | D:11     | Noticed a two-headed ogre
 11557 | D:11     | Killed a two-headed ogre
 11844 | D:11     | Identified the +2 ring mail of the Morning Star {-Tele
                  | rPois rN+}
 12269 | D:12     | Noticed a shadow dragon
 12407 | Lair:1   | Entered Level 1 of the Lair of Beasts
 12736 | Lair:1   | Identified the +2 cloak of Makhleb's Benevolence {Rampage
                  | Fly rCorr Int+2}
 13364 | Lair:1   | Reached skill level 10 in Air Magic
 13578 | Lair:1   | Noticed Gastronok
 13586 | Lair:1   | Killed Gastronok
 13587 | Lair:1   | Reached skill level 10 in Fire Magic
 13705 | Lair:1   | Found a shadowy altar of Dithmenos.
 13769 | Lair:1   | Identified a scroll of acquirement
 14035 | Lair:1   | Acquired the +0 pair of boots of Darkness {rPois Str+2}
 14371 | Lair:2   | Reached XP level 13. HP: 102/102 MP: 22/22
 14402 | Lair:2   | You are sucked into a shaft and drop 1 floor!
 15063 | Lair:2   | Found a staircase to the Swamp.
 15830 | Lair:3   | Found a hole to the Spider Nest.
 15978 | Lair:3   | Offered knowledge of Arcjolt by Vehumet.
 15985 | Lair:3   | Learned a level 5 spell: Arcjolt
 16023 | Lair:3   | Identified the +3 ring mail of Gravity {Fly Str-5 Dex+4
                  | SInv}
 16024 | Lair:3   | Identified the ring of Lucidity {rElec rPois rC++ AC+4
                  | Stlth-}
 16125 | Lair:3   | Found a transporter.
 16265 | Lair:3   | Found a transporter.
 16510 | Lair:3   | Found a one-way gate to the infinite horrors of the Abyss.
 16532 | Lair:3   | Noticed adriano's ghost (journeyman MiBe)
 16552 | Lair:4   | Reached skill level 1 in Conjurations
 16555 | Lair:4   | Noticed Nessos
 16565 | Lair:4   | Killed Nessos
 16833 | Lair:4   | Reached skill level 5 in Conjurations
 16843 | Lair:4   | Found a hide-covered altar of Uskayaw.
 16844 | Lair:4   | Found an ornate altar of the Wu Jian Council.
 16953 | Lair:4   | Found a staircase to the Slime Pits.
 16954 | Lair:4   | Found a viscous altar of Jiyva.
 17009 | Lair:4   | Slain by a komodo dragon

Illustrated notes

Levels and vault maps discovered:
D:1:      erik_arrival_blinker_ship, layout_rooms,
          hellmonk_ecumenical_altar_heavens_door, patterned_corridor
D:2:      layout_loops_ring, minmay_domino_2, uniq_crazy_yiuf_cottage,
          uniq_natasha
D:3:      layout_loops_ring, zin_angel, wander_ebering_terrifying_dragon_lair,
          uniq_robin
D:4:      layout_loops_cross, item_on_display_a, uniq_eustachio
D:5:      minmay_general_purpose_star, layout_basic, old_standard_altar,
          vehumet_crystals, nicolae_overflow_hidden_temple,
          gup_sewer_entry_bubbles, serial_shops, shop
D:6:      layout_basic, mainiacjoe_overflow_divided_tiny,
          minmay_temple_entry_ruins
D:7:      layout_layer_cave, general_overflow_altar, nemelex_spade_bored_becter
D:8:      layout_cave_pools
D:9:      layout_basic, orc_0_dummy, serial_shops, shop, uniq_maggie
D:10:     layout_roguey, enter_bailey_7
D:11:     layout_basic, lair_entry_dummy, muffindrake_ghost_dual_entry,
          feat_on_display, uniq_urug, uniq_lodul
D:12:     layout_irregular_city, serial_rivers, chequers_serial_rivers_large_a,
          chequers_serial_rivers_micro_e, chequers_serial_rivers_marsh,
          chequers_serial_rivers_micro_c, chequers_serial_rivers_micro_a,
          chequers_serial_rivers_marsh, kennysheep_just_a_vault
Lair:1:   layout_small_grid, basic_altar, grunt_megastairs_1, uniq_gastronok
Lair:2:   layout_layer_cave, swamp_mist, grunt_megastairs_5,
          infiniplex_staircase_pool
Lair:3:   layout_long_grid, nicolae_spider_entry_lesser_pyramids,
          gammafunk_ghost_abyssal_escape, st_stairs_10,
          pdpol_lair_neglected_garden
Lair:4:   layout_misc_corridors, nicolae_slime_entry_slimehenge,
          gauntlet_entry_generic, minivault_25, serial_bayou_pond_e,
          nzn_masters_of_martial_movement, uniq_nessos

Skill      XL: |  1  2  3  4  5  6  7  8  9 10 11 12 13 |
---------------+----------------------------------------+-----
Unarmed Combat | 4 5 7 8 9 11 | 11.5
Fire Magic     | 1 3 5 8 10 | 10.8
Air Magic      | 2 3 5 8 10 11 | 11.0
Poison Magic   | 1 3 4 7 9 |  9.0
Spellcasting   | 1 3 4 5 6 |  6.0
Transmutations | 1 3 |  3.0
Dodging        | 3 4 5 6 |  6.0
Fighting       | 4 5 6 |  6.0
Conjurations   | 6 |  6.9

Action                     |  1- 3 |  4- 6 |  7- 9 | 10-12 | 13-15 || total
---------------------------+-------+-------+-------+-------+-------++-------
  Melee: Unarmed           |   101 |   141 |   371 |   141 |    49 ||   803
         Tailslap          |    14 |    21 |    66 |    34 |    10 ||   145
   Cast: Poisonous Vapours |       |       |    19 |    58 |    14 ||    91
         Ignite Poison     |       |       |    15 |    61 |    21 ||    97
         Olgreb's Toxic Ra |       |       |     8 |    25 |    17 ||    50
         Airstrike         |       |       |     2 |    10 |    25 ||    37
         Plasma Beam       |       |       |       |     1 |     3 ||     4
         Arcjolt           |       |       |       |       |     1 ||     1
Ability: Breathe Steam     |       |       |     7 |       |       ||     7
  Evoke: Wand              |       |       |     1 |     1 |       ||     2
    Use: Scroll            |       |     7 |     7 |     8 |     2 ||    24
         Potion            |       |     5 |       |     1 |     2 ||     8
 Armour: Skin              |    38 |    60 |   124 |    34 |    21 ||   277
  Dodge: Dodged            |    74 |   131 |   220 |   114 |    54 ||   593
